Map: Ultralove

Players

Adjutant - Winner!

  • Race: Zerg Zerg
  • League: Diamond
  • Spawn Location: 7:00

ManlyManMeat

  • Race: Zerg Zerg
  • League: Diamond
  • Spawn Location: 1:00

VOD

Have the link to the VOD?

Description

Time

  • Played on: July 13, 2025, 10:45 a.m.
  • Length: 7:37
Show
View Real Time Build Order
Export as new Build Order

Adjutant Zerg - Winner!

Build Orders: Hatch First 

Get SALT Encoding   

  12  0:00  Drone  
  13  0:12  Overlord  
  13  0:16  Drone  
  14  0:30  Drone x2  
  16  0:45  Hatchery  
  16  0:49  Drone  
  16  0:53  Drone  
  17  0:58  Drone  
  18  1:06  Extractor  
  17  1:13  Spawning Pool  
  17  1:15  Drone  
  17  1:19  Drone  
  18  1:27  Drone  
  19  1:38  Drone  
  20  1:49  Overlord  
  20  2:01  Queen x2  
  20  2:02  Drone x2  
  26  2:11  Drone  
  26  2:12  Drone  
  28  2:18  Metabolic Boost  
  28  2:22  Zergling x4  
  30  2:30  Overlord  
  30  2:32  Zergling x2  
  31  2:41  Zergling x2  
  32  2:50  Zergling x2  
  31  3:07  Zergling x8  
  35  3:15  Baneling Nest, Spine Crawler  
  35  3:17  Spine Crawler  
  35  3:19  Drone, Spine Crawler  
  33  3:20  Drone  
  33  3:21  Drone x2  
  33  3:22  Zergling x4  
  38  3:29  Drone x2  
  40  3:47  Drone x3  
  43  4:03  Baneling x2  
  43  4:04  Baneling x2  
  43  4:06  Overlord x2  
  43  4:13  Roach Warren  
  43  4:17  Extractor  
  41  4:27  Hatchery  
  39  4:32  Baneling  
  39  4:33  Baneling  
  37  4:54  Roach x3  
  37  4:55  Roach x6  
  37  4:57  Drone x2  
  37  4:58  Drone x2  
  59  5:21  Drone  
  59  5:27  Baneling  
  59  5:30  Hatchery  
  59  5:32  Zergling x4  
  58  5:37  Baneling  
  58  5:47  Zergling x2  
  58  5:48  Overlord x3  
  59  5:51  Lair  
  59  6:00  Baneling  
  59  6:01  Baneling  
  58  6:10  Roach x7  
  58  6:11  Roach x2  
  75  6:34  Roach x4  
  83  6:45  Extractor  
  82  7:01  Zergling x12, Roach  
  84  7:16  Drone x5  
  84  7:17  Drone x3  
Show
View Real Time Build Order
Export as new Build Order

ManlyManMeat Zerg 

Build Orders: Hatch First, Zergling Baneling 

Get SALT Encoding   

  12  0:00  Drone  
  13  0:08  Drone  
  14  0:14  Extractor  
  14  0:15  Drone  
  15  0:21  Overlord  
  15  0:40  Drone  
  16  0:47  Hatchery  
  16  0:49  Drone  
  16  0:53  Drone  
  17  0:57  Drone  
  18  1:08  Extractor  
  17  1:13  Spawning Pool  
  17  1:16  Drone  
  17  1:18  Drone  
  18  1:26  Drone  
  19  1:39  Drone  
  20  2:00  Queen x2  
  25  2:01  Zergling x4  
  25  2:03  Overlord  
  25  2:08  Metabolic Boost  
  26  2:17  Zergling x4  
  28  2:33  Hatchery  
  27  2:52  Baneling Nest  
  24  3:09  Drone x2  
  24  3:10  Drone x2  
  24  3:12  Overlord x2  
  28  3:17  Zergling x6  
  31  3:31  Zergling x6  
  33  3:38  Baneling x2  
  33  3:39  Baneling x2  
  33  3:44  Drone x3  
  33  3:45  Drone  
  37  3:58  Zergling x4  
  39  4:07  Drone x3  
  39  4:08  Baneling x3  
  42  4:11  Zergling x2  
  42  4:12  Baneling x2  
  42  4:13  Zergling x4  
  45  4:23  Roach Warren  
  43  4:42  Baneling x2  
  43  4:43  Baneling  
  43  4:51  Drone x4  
  45  4:53  Overlord  
  45  4:55  Overlord  
  44  5:11  Lair  
  44  5:13  Drone x2  
  44  5:14  Drone, Extractor  
  45  5:15  Zergling x2  
  45  5:16  Zergling x4  
  49  5:24  Drone x2  
  49  5:26  Drone  
  49  5:27  Drone, Extractor  
  52  5:30  Evolution Chamber  
  52  5:32  Zergling x18  
  59  5:44  Roach x3  
  65  5:52  Roach  
  65  5:53  Roach x2  
  62  6:05  Roach  
  62  6:06  Drone x4  
  66  6:25  Roach x2  
  66  6:26  Zergling x4, Roach  
  66  6:27  Drone x2  
  70  6:34  Overlord  
  70  6:49  Baneling x2  
  70  6:54  Roach x3  
  76  7:02  Extractor  
Tags
 
Matchup
ZvZ
Race
Zerg
Replay Pack
Myownreplay2
Spawn Locations
Cross Positions
Add a new tag
Caveats
  • Supply blocks, unpowered buildings, or Contaminate may cause inaccurate times.
  • Supply counts are checked every 10 seconds.